 Dungeon Crawl Stone Soup version 0.31.0-11-ge490571c62 (webtiles) character file.

Game seed: 6829914433983760756

98 solopath the Grasshopper (level 4, -4/39 HPs)
             Began as a Gnoll Warper on Jan 28, 2024.
             Was an Initiate of Ashenzari.
             Slain by a gnoll
             ... wielding a +0 spear of freezing
              (7 damage)
             ... on level 3 of the Dungeon.
             The game lasted 00:04:27 (2344 turns).

solopath the Grasshopper (Gnoll Warper)             Turns: 2344, Time: 00:04:28

Health: -4/39      AC:  4    Str: 10    XL:     4   Next: 71%
Magic:  11/11      EV: 12    Int: 15    God:    Ashenzari [......]
Gold:   12         SH:  0    Dex: 11    Spells: 12/14 levels left

rFire   . . .        a - +0 spear
rCold   . . .        (no shield)
rNeg    . . .        b - +0 leather armour
rPois   .            p - +0 helmet of Curses and Power {Range, Self} (curse)
rElec   .            (no cloak)
rCorr   .            (no gloves)
SInv    .            (no boots)
Will    .....        (no amulet)
Stlth   +            (no ring)
HPRegen 0.26/turn    (no ring)
MPRegen 0.12/turn

%: no passive effects
@: no status effects
A: fangs 1, strong nose, distributed training
a: Renounce Religion, Shatter the Chains


You were on level 3 of the Dungeon.
You worshipped Ashenzari.
Ashenzari was noncommittal.
You visited 1 branch of the dungeon, and saw 3 of its levels.

You collected 45 gold pieces.
You spent 33 gold pieces at shops.

Inventory:

Hand Weapons
 a - a +0 spear (weapon)
Missiles
 d - 7 darts of dispersal (quivered)
Armour
 b - a +0 leather armour (worn)
 p - the cursed +0 helmet of Curses and Power (worn) {Range, Self}
   (You took it off Robin on level 1 of the Dungeon)

   It has a curse which improves the following skills: Ranged Combat: Ranged
   Weapons and Throwing.
   Introspection: Fighting and Spellcasting.
Jewellery
 q - an amulet of the acrobat
Talismans
 k - a serpent talisman
Scrolls
 c - 2 scrolls of blinking
 f - a scroll of teleportation {unknown}
 i - a scroll of enchant armour {unknown}
 l - a scroll of brand weapon {unknown}
 n - a scroll of poison {unknown}
 o - 3 scrolls of identify {unknown}
Potions
 e - 2 potions of curing
 g - a potion of haste {unknown}
 h - a potion of lignification
 j - a potion of magic {unknown}
 m - a potion of brilliance {unknown}
 r - a potion of resistance {unknown}


   Skills:
 + Level 4.7(5.1) Fighting
 + Level 1.2 Short Blades
 + Level 1.2 Long Blades
 + Level 1.2 Axes
 + Level 1.2 Maces & Flails
 + Level 4.7 Polearms
 + Level 1.2 Staves
 + Level 1.2(1.5) Ranged Weapons
 + Level 2.8(3.2) Throwing
 + Level 2.8 Armour
 + Level 4.7 Dodging
 + Level 1.2 Stealth
 + Level 1.2 Shields
 + Level 1.2 Unarmed Combat
 + Level 5.1(5.5) Spellcasting
 + Level 1.0 Conjurations
 + Level 1.0 Hexes
 + Level 1.0 Summonings
 + Level 1.0 Necromancy
 + Level 5.5 Translocations
 + Level 1.0 Fire Magic
 + Level 1.0 Ice Magic
 + Level 1.0 Air Magic
 + Level 1.0 Earth Magic
 + Level 1.0 Alchemy
 + Level 1.4 Invocations
 + Level 1.2 Evocations
 + Level 1.1 Shapeshifting


You had 12 spell levels left.
You knew the following spells:

 Your Spells              Type           Power      Damage    Failure   Level
a - Blink                 Tloc           40%        N/A       3%          2

Your spell library contained the following spells:

 Spells                   Type           Power      Damage    Failure   Level
 Lesser Beckoning         Tloc           40%        N/A       3%          2
 Teleport Other           Tloc           20%        N/A       6%          3
 Scorch                   Fire           14%        2d5       21%         2
 Manifold Assault         Tloc           20%        N/A       22%         4
 Vhi's Electric Charge    Tloc/Air       26%        N/A       47%         4
 Flame Wave               Conj/Fire      7%         2d5       78%         4
 Summon Cactus Giant      Summ           3%         N/A       100%        6


Dungeon Overview and Level Annotations

Branches:
Dungeon (3/15)

Altars:
Ashenzari

Shops:
D:2 (!=((


Innate Abilities, Weirdness & Mutations

You have very sharp teeth.
Your uncanny sense of smell can sniff out nearby items.
Your experience applies equally to all skills.


Message History

The gnoll is moderately wounded.
The gnoll barely misses you.
You reach to attack!
You hit the gnoll.
The gnoll is moderately wounded.
You reach to attack!
The gnoll shouts!
You hit the gnoll.
The gnoll is severely wounded.
You hear a shout!
The gnoll hits you from afar with a +0 spear.
You reach to attack!
You hit the gnoll.
The gnoll is almost dead.
The gnoll hits you from afar with a +0 spear.
You reach to attack!
You closely miss the gnoll.
The gnoll is almost dead.
The gnoll hits you from afar with a +0 spear!
You reach to attack!
You closely miss the gnoll.
The gnoll is almost dead.
The gnoll hits you from afar with a +0 spear.
You are too injured to fight recklessly!
You are too injured to fight recklessly!
You are too injured to fight recklessly!
You are too injured to fight recklessly!
You are too injured to fight recklessly!
You are too injured to fight recklessly!
You are too injured to fight recklessly!
You are too injured to fight recklessly!
The gnoll hits you with a +0 spear. The gnoll barely misses you.
You barely miss the gnoll. Your bite misses the gnoll.
The gnoll is almost dead.
The gnoll hits you with a +0 spear!
* * * LOW HITPOINT WARNING * * *
The gnoll barely misses you.
Unknown command.
You closely miss the gnoll. You bite the gnoll, but do no damage.
The gnoll is almost dead.
The gnoll hits you with a +0 spear.
* * * LOW HITPOINT WARNING * * *
The gnoll hits you from afar with a +0 spear of freezing!
You die...

#......##...g.g.###.### .
#.###.###...####.....#
g.##.#...........##.<...#
.....#g###.......##.....#
#.g...# #.......##.....#
#.##### #.......##.....#
### .. ##....g#########
#.. # #......g# #.#
#.##.##@# #.# #. #.##.#
#.# #....# #.# #.#####.#
#<# #.......# #####.#
#######.#######.....#
#.........#####
###########


You could see 2 gnolls.

Vanquished Creatures
  Robin (D:1)
  A gnoll (D:2)
  An adder (D:2)
  2 ribbon worms (D:2)
  2 dart slugs (D:2)
  5 endoplasms
  2 giant cockroaches (D:1)
  13 goblins
  5 hobgoblins
  4 jackals (D:2)
  2 quokkas (D:2)
  4 ball pythons
  4 bats (D:1)
  2 frilled lizards
  2 kobolds (D:1)
  5 rats
55 creatures vanquished.

Notes
Turn   | Place    | Note
-------+----------+-------------------------------------------
     0 | D:1      | solopath the Gnoll Warper began the quest for the Orb.
     0 | D:1      | Reached XP level 1. HP: 20/20 MP: 6/6
   263 | D:1      | Reached XP level 2. HP: 14/26 MP: 7/7
  1013 | D:2      | Reached skill level 5 in Spellcasting
  1013 | D:2      | Reached XP level 3. HP: 6/31 MP: 7/9
  1086 | D:2      | Reached skill level 1 in Invocations
  1185 | D:2      | Learned a level 2 spell: Blink
  1209 | D:2      | Noticed Robin
  1246 | D:1      | Reached skill level 1 in Short Blades
  1246 | D:1      | Reached skill level 1 in Long Blades
  1246 | D:1      | Reached skill level 1 in Axes
  1246 | D:1      | Reached skill level 1 in Maces & Flails
  1246 | D:1      | Reached skill level 1 in Staves
  1246 | D:1      | Reached skill level 1 in Ranged Weapons
  1246 | D:1      | Reached skill level 1 in Stealth
  1246 | D:1      | Reached skill level 1 in Shields
  1246 | D:1      | Reached skill level 1 in Unarmed Combat
  1246 | D:1      | Reached skill level 1 in Evocations
  1401 | D:2      | Found Ofaekiblyf's Antique Weapon Shop.
  1476 | D:1      | Killed Robin
  1477 | D:1      | Reached skill level 1 in Shapeshifting
  1477 | D:1      | Reached XP level 4. HP: 31/38 MP: 11/11
  1579 | D:2      | Found Dawnukef's Jewellery Shoppe.
  1585 | D:2      | Found Ryqetuq's Distillery.
  1604 | D:2      | Bought a potion of curing for 33 gold pieces
  1707 | D:2      | Found a faded altar of an unknown god.
  1741 | D:2      | Reached skill level 1 in Conjurations
  1741 | D:2      | Reached skill level 1 in Hexes
  1741 | D:2      | Reached skill level 1 in Summonings
  1741 | D:2      | Reached skill level 1 in Necromancy
  1741 | D:2      | Reached skill level 1 in Fire Magic
  1741 | D:2      | Reached skill level 1 in Ice Magic
  1741 | D:2      | Reached skill level 1 in Air Magic
  1741 | D:2      | Reached skill level 1 in Earth Magic
  1741 | D:2      | Reached skill level 1 in Alchemy
  1799 | D:2      | Prayed at the altar of an unknown god.
  1799 | D:2      | Became a worshipper of Ashenzari the Shackled
  1824 | D:2      | Found Uwkoixer's Weapon Boutique.
  1848 | D:2      | Found Zuviahea's Weapon Boutique.
  2344 | D:3      | Slain by a gnoll

Illustrated notes

Levels and vault maps discovered:
D:1:      sevenhm_arrival_forest_fort_small_3, layout_basic
D:2:      layout_rooms, serial_shops, nicolae_lakefront_shop,
          nicolae_shop_stone, nicolae_shop_hallway_plus, shop,
          nicolae_shop_tiny_glass, hellmonk_ecumenical_altar_dog_temple,
          uniq_robin
D:3:      layout_loops_cross, nicolae_dithmenos_shadow_blocks,
          mainiacjoe_overflow_small_starburst

Skill      XL: |  1  2  3  4 |
---------------+-------------+-----
Spellcasting   | 5 |  5.1
Invocations    | 1 |  1.4
Short Blades   | 1 |  1.2
Long Blades    | 1 |  1.2
Axes           | 1 |  1.2
Maces & Flails | 1 |  1.2
Staves         | 1 |  1.2
Ranged Weapons | 1 |  1.2
Stealth        | 1 |  1.2
Shields        | 1 |  1.2
Unarmed Combat | 1 |  1.2
Evocations     | 1 |  1.2
Shapeshifting  | 1 |  1.1
Conjurations   | 1 |  1.0
Hexes          | 1 |  1.0
Summonings     | 1 |  1.0
Necromancy     | 1 |  1.0
Fire Magic     | 1 |  1.0
Ice Magic      | 1 |  1.0
Air Magic      | 1 |  1.0
Earth Magic    | 1 |  1.0
Alchemy        | 1 |  1.0
Fighting       | |  4.7
Polearms       | |  4.7
Throwing       | |  2.8
Armour         | |  2.8
Dodging        | |  4.7
Translocations | |  5.5

Action                     |  1- 3 |  4- 6 || total
---------------------------+-------+-------++-------
  Melee: Spear             |   153 |   125 ||   278
         Bite              |     9 |    18 ||    27
         Punch             |     1 |     2 ||     3
 Invoke: Curse Item        |       |     1 ||     1
    Use: Potion            |     1 |       ||     1
   Stab: Sleeping          |     1 |       ||     1
 Armour: Leather armour    |    64 |    69 ||   133
         Skin              |     8 |       ||     8
  Dodge: Dodged            |    66 |    58 ||   124
